 Dungeon Crawl Stone Soup version 0.31-a0-263-ge8cad7f256 (webtiles) character file.

Game seed: 15703479295200058894

106 Demosthentine the Poker (level 4, -3/34 HPs)
             Began as a Demonspawn Gladiator on July 13, 2023.
             Slain by Natasha (6 damage)
             ... on level 2 of the Dungeon.
             The game lasted 00:01:51 (1344 turns).

Demosthentine the Poker (Demonspawn Gladiator)      Turns: 1344, Time: 00:01:51

Health: -3/34      AC:  4    Str: 16    XL:     4   Next: 55%
Magic:  4/4        EV: 12    Int: 10    God:
Gold:   128        SH:  0    Dex: 14    Spells: 3/3 levels left

rFire   . . .        a - +0 trident
rCold   . . .        (no shield)
rNeg    . . .        b - +0 leather armour
rPois   .            c - +0 helmet
rElec   .            (no cloak)
rCorr   .            (no gloves)
SInv    .            (no boots)
Will    .....        (no amulet)
Stlth   +            (no ring)
HPRegen 0.25/turn    (no ring)
MPRegen 0.09/turn

%: no passive effects
@: slowed, very slow
A: powered by pain 1, weakness stinger 2
a: no special abilities


You were on level 2 of the Dungeon.
You visited 1 branch of the dungeon, and saw 2 of its levels.

You collected 128 gold pieces.

Inventory:

Hand Weapons
 a - a +0 trident (weapon)
Missiles
 d - 3 throwing nets (quivered)
 e - a javelin
Armour
 b - a +0 leather armour (worn)
 c - a +0 helmet (worn)
Scrolls
 f - a scroll of identify
 g - 3 scrolls of blinking
 i - 2 scrolls of fear
 k - a scroll of vulnerability {unknown}
Potions
 h - a potion of curing
 j - a potion of berserk rage
 l - 2 potions of enlightenment {unknown}
 m - a potion of attraction {unknown}
 n - a potion of heal wounds {unknown}
 o - a potion of might {unknown}


   Skills:
 + Level 2.9 Fighting
 + Level 3.3 Polearms
 - Level 1.7 Throwing
 + Level 1.6 Armour
 + Level 3.3 Dodging


You had 3 spell levels left.
You didn't know any spells.
Your spell library contained the following spells:

 Spells                   Type           Power      Damage    Failure   Level
 Sting                    Tmut/Pois      0%         1d3       43%         1
 Poisonous Vapours        Pois/Air       0%         N/A       56%         2
 Olgreb's Toxic Radiance  Pois           0%         N/A       99%         4


Dungeon Overview and Level Annotations

Branches:
Dungeon (2/15)

Altars:

Shops:
D:1 (

Annotations:
D:2 Natasha


Innate Abilities, Weirdness & Mutations

You sometimes gain a little power by taking damage.
You have a tail ending in a sharp stinger.


Message History

Natasha, Servant of Life and Death comes into view.
Natasha hisses angrily.
Natasha is nearby!
Natasha is nearby!
You barely miss Natasha. Natasha closely misses you.
Natasha is nearby!
You barely miss Natasha.
Natasha stares at you and mumbles some strange words.
You feel yourself slow down.
You hit Natasha.
Natasha is lightly wounded.
Natasha casts a spell at you. The magic dart hits you! Natasha claws you.
Natasha is nearby!
You closely miss Natasha.
Natasha is lightly wounded.
Natasha claws you but does no damage. x2
You closely miss Natasha.
Natasha is lightly wounded.
Natasha barely misses you.
Unknown command.
You hit Natasha but do no damage.
Natasha is lightly wounded.
Natasha barely misses you. Natasha claws you.
Unknown command.
You closely miss Natasha.
Natasha is lightly wounded.
Natasha claws you. Natasha closely misses you.
Unknown command.
You hit Natasha.
Natasha is moderately wounded.
Natasha claws you!
* * * LOW HITPOINT WARNING * * *
Unknown command.
You barely miss Natasha.
Natasha is moderately wounded.
Natasha claws you.
* * * LOW HITPOINT WARNING * * *
Natasha claws you.
You die...

#.# #............#
#.#########...###.####.#
#.............# #<#....#
#.)...(...##..# #......#
#.#######.##..# ###....# #.#
#.....# ##.#.# #.#
######...### ##.#.# #.#
#..........###....# #.#
#.####..@.........#
#.####.######.h...#...##
#...........###...##.##
#.####.####..........###
####......................#
.....####<####...<.[....#.##
####.# #.# #####...##.)..##
...>.# #)# #.............##
###### #.# #.##...#.......##


You could see Natasha.

Vanquished Creatures
  Natasha (twice) (D:2)
  3 dart slugs
  3 ball pythons (D:1)
  4 bats
  5 endoplasms
  3 giant cockroaches
  7 goblins
  2 hobgoblins (D:1)
  6 jackals
  A kobold (D:1)
  A quokka (D:1)
  4 frilled lizards
  3 rats (D:1)
44 creatures vanquished.

Notes
Turn   | Place    | Note
-------+----------+-------------------------------------------
     0 | D:1      | Demosthentine the Demonspawn Gladiator began the quest for
                  | the Orb.
     0 | D:1      | Reached XP level 1. HP: 16/16 MP: 1/1
    96 | D:1      | Gained mutation: You have a small tail. [demonic ancestry]
    96 | D:1      | Reached XP level 2. HP: 11/22 MP: 2/2
   311 | D:1      | Found Somuit's Weapon Boutique.
   387 | D:1      | Reached skill level 1 in Armour
   388 | D:1      | Gained mutation: You sometimes gain a little power by
                  | taking damage. [demonic ancestry]
   388 | D:1      | Reached XP level 3. HP: 28/28 MP: 3/3
   937 | D:2      | Found a faded altar of an unknown god.
  1007 | D:2      | Noticed Natasha
  1013 | D:2      | Killed Natasha
  1014 | D:2      | Gained mutation: You have a tail ending in a sharp stinger.
                  | [demonic ancestry]
  1014 | D:2      | Reached XP level 4. HP: 16/34 MP: 4/4
  1133 | D:2      | Noticed Natasha
  1144 | D:2      | Killed Natasha
  1333 | D:2      | Noticed Natasha
  1344 | D:2      | Slain by Natasha

Illustrated notes

Levels and vault maps discovered:
D:1:      eino_arrival_water_cross, layout_rooms, serial_shops,
          nicolae_shop_advertising_works [nicolae_subvault_shop_adworks],
          serial_glass, glass_columns_a, glass_columns_a, serial_park_tiny_2
D:2:      layout_loops_ring, shapermc_ecumenical_altar_starsandcircs,
          minmay_misc_feat_diagonals, uniq_natasha

Skill      XL: |  1  2 |
---------------+-------+-----
Polearms       | 3 |  3.3
Dodging        | 3 |  3.3
Armour         | 1 |  1.6
Fighting       | |  2.9
Throwing       | |  1.7

Action                     |  1- 3 |  4- 6 || total
---------------------------+-------+-------++-------
  Melee: Trident           |   143 |    25 ||   168
         Punch             |     4 |       ||     4
         Tailslap          |     9 |     1 ||    10
    Use: Scroll            |     6 |       ||     6
 Armour: Leather armour    |    56 |     5 ||    61
  Dodge: Dodged            |   108 |     8 ||   116

Table legend: (Time is in decaauts)
 A = Elapsed time spent in this place.
 B = Non-inter-level travel time spent in this place.
 C = Inter-level travel time spent in this place.
 D = Time resting spent in this place.
 E = Time spent auto-exploring this place.
 F = Levels seen in this place.
 G = Mean time per level.
                   A        B        C        D        E       F      G
               +--------+--------+--------+--------+--------+-----+--------+
         Total |   1382 |   1356 |     26 |      0 |   1026 |   2 |  691.0 |
       Dungeon |   1382 |   1356 |     26 |      0 |   1026 |   2 |  691.0 |
               +--------+--------+--------+--------+--------+-----+--------+

Top non-repeatable levels by time:
     D:2: 759 daAuts
     D:1: 622 daAuts
